 Dungeon Crawl Stone Soup version 0.21.0-3-g78d12a8 (webtiles) character file.

609 tidbits the Covert (level 7, 30/30 HPs)
             Began as a Felid Enchanter on Jan 11, 2018.
             Quit the game on level 4 of the Dungeon.
             The game lasted 00:18:58 (2016 turns).

tidbits the Covert (Felid Enchanter)                Turns: 2016, Time: 00:18:58

Health: 30/30      AC:  2    Str:  6    XL:     7   Next: 19%
Magic:  11/11      EV: 20    Int: 16    God:
Gold:   179        SH:  0    Dex: 17    Spells: 1/10 levels left
                                        Lives:  0   Deaths: 2

rFire    . . .     SeeInvis +     - Unarmed
rCold    . . .     Gourm    .   (shield unavailable)
rNeg     . . .     Faith    .   (armour unavailable)
rPois    .         Spirit   .   (helmet unavailable)
rElec    .         Reflect  .   (cloak unavailable)
rCorr    .         Harm     .   (gloves unavailable)
MR       +....                  (boots unavailable)
Stlth    ++++++....             (no amulet)
HPRegen  0.10/turn              k - ring of stealth
MPRegen  0.12/turn              (no ring)

@: quick
A: very small, no armour, no weapons or thrown items, stealth, claws 1, fangs 3,
see invisible, carnivore, speed 1, shaggy fur 2, slow metabolism 1, sharp paws
a: no special abilities


You were on level 4 of the Dungeon.
You were not hungry.

You visited 1 branch of the dungeon, and saw 7 of its levels.
You also visited: Sewer.

You collected 179 gold pieces.

Inventory:

Missiles
 c - 130 arrows
Jewellery
 k - a ring of stealth (left paw)
   (You found it on level 5 of the Dungeon)
Wands
 g - a wand of iceblast (6)
Scrolls
 i - a scroll of teleportation
 j - a scroll of blinking
 l - 4 scrolls of immolation
 m - a scroll of amnesia {unknown}
 n - a scroll of remove curse
Potions
 d - a potion of haste {unknown}
 e - 5 potions of heal wounds
 f - 6 potions of curing
 h - a potion of brilliance
Books
 a - a book of Maledictions

   Spells                             Type                      Level
   a - Corona                         Hexes                        1
   b - Ensorcelled Hibernation        Hexes/Ice                    2
   c - Confuse                        Hexes                        3
   d - Tukima's Dance                 Hexes                        3
   e - Dazzling Spray                 Conjuration/Hexes            3
Comestibles
 b - 6 rations


   Skills:
 + Level 2.9 Fighting
 + Level 5.0 Dodging
 + Level 8.9 Stealth
 + Level 5.5 Unarmed Combat
 - Level 2.0 Spellcasting
 + Level 7.3 Hexes


You had one spell level left.
You knew the following spells:

 Your Spells              Type           Power        Failure   Level  Hunger
a - Corona                Hex            ####...      1%          1    #......
c - Confuse               Hex            ####....     3%          3    ###....
d - Dazzling Spray        Conj/Hex       ##....       14%         3    ###....
e - Ensorcelled Hibernat  Hex/Ice        ##....       7%          2    ###....


Dungeon Overview and Level Annotations

Branches:
Dungeon (7/15)
 Temple: D:4-7

Altars:

Shops:
D:6 }%(

Annotations:
D:3 exclusion: dart slug
D:6 exclusion: centaur


Innate Abilities, Weirdness & Mutations

You cannot wear armour.
You are incapable of wielding weapons or throwing items.
Your paws allow you to move quietly. (Stealth)
You have sharp claws.
You have razor-sharp teeth.
You have supernaturally acute eyesight. (SInv)
You are carnivorous and can eat meat at any time.
You cover ground quickly.
You are covered in thick fur. (AC +2)
You have a slow metabolism.
Your sharp claws are effective at attacking unaware monsters.


Message History

The orc wizard is severely wounded.
You barely miss the orc wizard.
The orc wizard is severely wounded.
The orc wizard casts a spell.
The orc wizard seems to speed up.
You closely miss the orc wizard.
The orc wizard is severely wounded.
The orc wizard misses you.
You scratch the orc wizard but do no damage.
The orc wizard is severely wounded.
The orc wizard hits you but does no damage.
The orc wizard completely misses you.
You closely miss the orc wizard.
The orc wizard is severely wounded.
The orc wizard completely misses you.
The orc wizard gestures at you while chanting.
The magic dart hits you!
You barely miss the orc wizard.
The orc wizard is severely wounded.
The orc wizard closely misses you.
The orc wizard casts a spell.
The orc wizard blinks!
The orc wizard gestures wildly while chanting.
The orc wizard blinks!
You scratch the orc.
You kill the orc!
The orc wizard gestures at you while chanting.
You feel yourself slow down.
Casting: Ensorcelled Hibernation
Confirm with . or Enter, or press ? or * to list all spells.
Aiming: Ensorcelled Hibernation
Press: ? - help, Shift-Dir - straight line, f/p - orc wizard
Aim: an orc wizard, wielding a dagger and wearing a robe (severely wounded, fast, chance to defeat MR: 44%)
The orc wizard looks drowsy...
The orc wizard mumbles some strange words.
The orc wizard blinks!
The orc wizard gestures wildly while chanting.
The orc wizard seems to speed up.
The helpless orc wizard fails to defend itself.
You eviscerate the orc wizard!!!
You kill the orc wizard!
The orc wizard barely misses you.
You barely miss the orc wizard. The orc wizard barely misses you.
The orc wizard misses you.
You scratch the orc wizard. Your bite misses the orc wizard.
The orc wizard is moderately wounded.
The orc wizard completely misses you. The orc wizard hits you with a dagger.
You barely miss the orc wizard.
The orc wizard is moderately wounded.
The orc wizard misses you. The orc wizard hits you with a dagger.
* * * LOW HITPOINT WARNING * * *
You closely miss the orc wizard.
The orc wizard is moderately wounded.
The orc wizard barely misses you. x2
Evoke which item? (* to show all) (? for menu, Esc to quit)
Aiming: Paralyse
Press: ? - help, Shift-Dir - straight line, f - orc wizard
Aim: an orc wizard, wielding a dagger and wearing a robe (lightly wounded, fast, chance to defeat MR: 46%)
The orc wizard resists with some effort.
The orc wizard completely misses you. The orc wizard hits you with a dagger.
* * * LOW HITPOINT WARNING * * *
Evoke which item? (* to show all) (? for menu, Esc to quit)
Aiming: Paralyse
Press: ? - help, Shift-Dir - straight line, f/p - orc wizard
Aim: an orc wizard, wielding a dagger and wearing a robe (lightly wounded, fast, chance to defeat MR: 46%)
The orc wizard resists with some effort.
The orc wizard closely misses you.
The orc wizard gestures wildly while chanting.
The orc wizard blinks!
Things that are here:
a dagger; a robe Evoke which item? (* to show all) (? for menu, Esc to quit)
Aiming: Paralyse
Press: ? - help, Shift-Dir - straight line, f/p - orc wizard
Aim: an orc wizard, wielding a dagger and wearing a robe (lightly wounded, fast, chance to defeat MR: 46%)
The orc wizard resists with some effort.
The now-empty wand crumbles to dust.
The orc wizard points at you and mumbles some strange words.
The magic dart hits you!
* * * LOW HITPOINT WARNING * * *
The orc wizard points at you and mumbles some strange words.
You resist with almost no effort.
Evoke which item? (* to show all) (? for menu, Esc to quit)
You don't have any such object.
Evoke which item? (* to show all) (? for menu, Esc to quit)
Huh?
Evoke which item? (* to show all) (? for menu, Esc to quit)
Okay, then.
Evoke which item? (* to show all) (? for menu, Esc to quit)
Aiming: Iceblast
Press: ? - help, Shift-Dir - straight line, f/p - orc wizard
Aim: an orc wizard, wielding a dagger and wearing a robe (lightly wounded, fast)
The mass of ice explodes!
The iceblast engulfs the orc wizard.
The orc wizard is severely wounded.
The orc wizard casts a spell at you. The magic dart hits you!
You die...
You are now level 7!
You rejoin the land of the living...
Are you sure you want to abandon this character and quit the game? (Confirm with "yes".)

######### ........#
#@# #.# #.# #.# ####
#.# ......... #..
#..####..###########
...................#
###...###.##.#######.#


There were no monsters in sight!

Vanquished Creatures
  Sigmund (D:5)
  A sky beast (D:5)
  An ice beast (D:5)
  A centaur (D:5)
  An ogre (D:6)
  2 big kobolds (Sewer)
  A bullfrog zombie (D:5)
  2 bullfrog skeletons
  A centaur skeleton (D:5)
  3 hounds
  An iguana (D:6)
  4 orc wizards
  5 worker ants
  5 adders
  7 river rats (Sewer)
  An adder skeleton (D:4)
  An adder zombie (D:2)
  2 worms (D:6)
  7 orcs
  8 ball pythons
  A giant cockroach (D:3)
  A goblin (D:3)
  4 hobgoblins
  15 kobolds
  A bat (D:1)
  A frilled lizard (D:2)
  A leopard gecko skeleton (D:5)
  21 rats
100 creatures vanquished.

Notes
Turn   | Place    | Note
-------+----------+-------------------------------------------
     0 | D:1      | tidbits the Felid Enchanter began the quest for the Orb.
     0 | D:1      | Reached XP level 1. HP: 7/7 MP: 4/4
   220 | D:3      | Reached XP level 2. HP: 11/11 MP: 6/6
   224 | D:3      | Learned a level 2 spell: Ensorcelled Hibernation
   326 | D:2      | Reached skill level 2 in Unarmed Combat
   483 | D:4      | Reached skill level 5 in Stealth
   483 | D:4      | Reached XP level 3. HP: 13/14 MP: 7/7
   504 | D:4      | Learned a level 3 spell: Confuse
   524 | D:4      | Reached XP level 4. HP: 18/18 MP: 5/8
   550 | D:5      | Entered Level 5 of the Dungeon
   567 | D:5      | Reached skill level 3 in Unarmed Combat
   577 | D:5      | Noticed a centaur
   587 | D:5      | Killed a centaur
   587 | D:5      | Reached skill level 6 in Stealth
   587 | D:5      | Reached XP level 5. HP: 10/21 MP: 1/9
   718 | D:5      | Noticed a sky beast
   720 | D:5      | Slain by a sky beast
   721 | D:5      | Reached XP level 4. HP: -1/18 MP: 1/8
   755 | D:5      | Killed a sky beast
   755 | D:5      | Reached skill level 7 in Stealth
   755 | D:5      | Reached skill level 4 in Unarmed Combat
   755 | D:5      | Reached skill level 5 in Hexes
   755 | D:5      | Reached XP level 5. HP: 21/21 MP: 9/9
   886 | D:6      | Noticed an ogre
   891 | D:6      | Killed an ogre
   891 | D:6      | Gained mutation: You are covered in thick fur. (AC +2) [Felid growth]
   891 | D:6      | Reached XP level 6. HP: 24/24 MP: 7/10
   929 | D:6      | Found Taplopsa's Food Shoppe.
   946 | D:6      | Found a glowing drain.
   971 | D:6      | Reached skill level 3 in Dodging
   978 | Sewer    | Entered a sewer
  1008 | Sewer    | Learned a level 3 spell: Dazzling Spray
  1182 | Sewer    | HP: 1/25 [river rat (9)]
  1219 | Sewer    | Reached skill level 1 in Fighting
  1256 | Sewer    | Reached skill level 6 in Hexes
  1262 | Sewer    | Reached XP level 7. HP: 16/28 MP: 1/11
  1343 | Sewer    | Reached skill level 8 in Stealth
  1503 | D:6      | Found Ujei's Weapon Emporium.
  1625 | D:6      | Found Xisukhi's Gadget Emporium.
  1651 | D:5      | Noticed Sigmund
  1660 | D:5      | Reached skill level 5 in Unarmed Combat
  1694 | D:5      | Reached skill level 4 in Dodging
  1761 | D:5      | Reached skill level 2 in Fighting
  1865 | D:5      | Killed Sigmund
  1865 | D:5      | Reached skill level 7 in Hexes
  1865 | D:5      | Reached XP level 8. HP: 34/34 MP: 12/12
  1986 | D:4      | Reached skill level 5 in Dodging
  2015 | D:4      | Killed from afar by an orc wizard
  2016 | D:4      | Reached XP level 7. HP: 0/30 MP: 2/11
  2016 | D:4      | Quit the game

Skill      XL: |  1  2  3  4  5  6  7  8 |
---------------+-------------------------+-----
Unarmed Combat | 2 4 5 |  5.5
Stealth        | 5 7 8 |  8.9
Hexes          | 5 6 7 |  7.3
Dodging        | 3 4 5 |  5.0
Fighting       | 1 2 |  2.9
Spellcasting   | |  2.0

Action                   |  1- 3 |  4- 6 |  7- 9 || total
-------------------------+-------+-------+-------++-------
Melee: Unarmed           |    42 |    79 |    53 ||   174
       Bite              |     2 |     5 |     1 ||     8
       Punch             |       |     2 |       ||     2
 Cast: Corona            |     9 |     1 |       ||    10
       Ensorcelled Hiber |     1 |    14 |    12 ||    27
       Confuse           |     1 |     1 |     2 ||     4
       Dazzling Spray    |       |     6 |     1 ||     7
Evoke: Wand              |       |     9 |     7 ||    16
  Use: Scroll            |       |     5 |     2 ||     7
       Potion            |       |     2 |       ||     2
 Stab: Sleeping          |    11 |    22 |    19 ||    52
       Confused          |     2 |     1 |     1 ||     4
       Paralysed         |       |     5 |     1 ||     6
       Invisible         |       |     1 |     1 ||     2
  Eat: Chunk             |       |       |     6 ||     6
Armor: Skin              |     2 |     2 |     2 ||     6
Dodge: Dodged            |    23 |    65 |    37 ||   125

Table legend:
 A = Turns spent in this place as a percentage of turns spent in the entire game.
 B = Non-inter-level travel turns spent in this place as a percentage of non-inter-level travel turns spent in the entire game.
 C = Inter-level travel turns spent in this place as a percentage of turns spent in this place.
 D = Turns resting spent in this place as a percentage of non-inter-level travel turns spent in this place.
 E = Turns spent auto-exploring this place as a percentage of non-inter-level travel turns spent in this place.
 F = Non-inter-level travel turns spent in this place divided by the number of levels of this place that you've seen.
                   A       B       C       D       E      F
               +-------+-------+-------+-------+-------+----------------------
         Total | 100.0 | 100.0 |   2.7 |   0.0 |   0.0 | 245.2
       Dungeon |  78.8 |  78.2 |   3.4 |   0.0 |   0.0 | 219.1
         Sewer |  21.2 |  21.8 |   0.0 |   0.0 |   0.0 | 428.0
               +-------+-------+-------+-------+-------+----------------------

Table legend:
 A = Kills in this place as a percentage of kills in entire the game.
 B = Kills by you in this place as a percentage of kills by you in the entire game.
 C = Kills by friends in this place as a percentage of kills by friends in the entire game.
 D = Other kills in this place as a percentage of other kills in the entire game.
 E = Experience gained in this place as a percentage of experience gained in the entire game.
 F = Experience gained in this place divided by the number of levels of this place that you have seen.
                   A       B       C       D       E      F
               +-------+-------+-------+-------+-------+----------------------
         Total | 100.0 | 100.0 |   N/A |   N/A | 100.0 | 227.8
       Dungeon |  53.0 |  53.0 |   N/A |   N/A |  81.4 | 212.0
         Sewer |  47.0 |  47.0 |   N/A |   N/A |  18.6 | 338.0
               +-------+-------+-------+-------+-------+----------------------

Vault maps used:
D:1:      dpeg_chamrin_arrival_tetris
D:2:      first_ration
D:5:      lemuel_ratsnest, uniq_sigmund
D:6:      serial_shops, nicolae_shop_crystal, shop, shop_fountains,
          cheibrodos_sewer_entry_bend, uniq_edmund
D:7:      minmay_temple_entry_mist, uniq_prince_ribbit1
Sewer:    sewer_minmay_treatment
